 Dungeon Crawl Stone Soup version 0.15-a0-2265-gb33f7a6 (webtiles) character file.

94 Crauler the Shield-Bearer (level 4, -3/31 HPs)
             Began as a Halfling Fighter on July 27, 2014.
             Killed from afar by Ijyb (5 damage)
             ... with a wand of magic darts
             ... on Level 3 of the Dungeon.
             The game lasted 00:05:14 (1774 turns).

Crauler the Shield-Bearer (Halfling Fighter)        Turns: 1774, Time: 00:05:14

HP  -3/31        AC  8     Str 17      XL: 4   Next: 94%
MP   4/4         EV 10     Int  7      God:
Gold 97          SH  6     Dex 18      Spells:  0 memorised,  3 levels left

rFire  . . .     SeeInvis .     a - +0 long sword
rCold  . . .     Clarity  .     b - +0 scale mail
rNeg   . . .     rCorr    .     c - +0 buckler
rPois  .         rRot     .     (no helmet)
rElec  .         Spirit   .     i - +0 cloak
SustAb .         Warding  .     (no gloves)
rMut   .         Stasis   .     (no boots)
Gourm  .                        (no amulet)
MR     +....                    m - ring of protection from magic
                                n - +5 ring of dexterity

@: somewhat resistant to hostile enchantments, extremely unstealthy
A: mutation resistance 1
a: no special abilities


You were on level 3 of the Dungeon.
You were not hungry.

You visited 1 branch of the dungeon, and saw 3 of its levels.

You collected 97 gold pieces.

Inventory:

Hand weapons
 a - a +0 long sword (weapon)
Armour
 b - a +0 scale mail (worn)
 c - a +0 buckler (worn)
 i - a +0 cloak (worn)
 u - a +0 chain mail
Magical devices
 p - a wand of random effects (15) {unknown}
Comestibles
 d - a bread ration
 h - a slice of pizza
 l - a meat ration
 r - a rotting chunk of worm flesh
 s - a rotting chunk of giant gecko flesh
 t - a chunk of adder flesh
Scrolls
 f - 2 scrolls of blinking
 g - 2 scrolls of identify
Jewellery
 m - a ring of protection from magic (right hand)
 n - a +5 ring of dexterity (left hand)
Potions
 e - a potion of might
Books
 k - a book of Burglary

   Spells                             Type                      Level
   Swiftness                          Charms/Air                   2
   Passwall                           Transmutation/Earth          3
   Passage of Golubria                Translocation                4
   Lee's Rapid Deconstruction         Earth                        5
   Invisibility                       Hexes                        6
   Darkness                           Hexes                        7


   Skills:
 + Level 3.1 Fighting
 * Level 3.2 Long Blades
 + Level 3.8 Armour
 + Level 4.1 Shields


You had 3 spell levels left.
You didn't know any spells.

Dungeon Overview and Level Annotations

Branches:
Dungeon (3/15)

Altars:
Dithmenos

Annotations:
D:3 Ijyb


Innate Abilities, Weirdness & Mutations

You are small and have problems with some larger weapons.
You are somewhat resistant to further mutation.


Message History

You slash Ijyb!
Ijyb is moderately wounded.
Ijyb zaps a wand.
The magic dart hits you!
You closely miss Ijyb.
Ijyb is moderately wounded.
Ijyb zaps a wand.
The magic dart hits you!
You completely miss Ijyb.
Ijyb is moderately wounded.
Ijyb zaps a wand.
The magic dart hits you!
* * * LOW HITPOINT WARNING * * *
Ijyb zaps a wand.
The magic dart hits you!
* * * LOW HITPOINT WARNING * * *
You hit Ijyb but do no damage.
Ijyb is moderately wounded.
Ijyb zaps a wand.
The magic dart hits you!
* * * LOW HITPOINT WARNING * * *
You hit Ijyb but do no damage.
Ijyb is moderately wounded.
Ijyb zaps a wand.
The magic dart hits you!
You die...

. .... ....
...# ...###
..... ...
##g# #@.#
#.##
###.###..#
##..?....#
#...######
#...########
#...........
#...##......
#..<# ....


You could see Ijyb.

Vanquished Creatures
  Terence (D:2)
  2 adders (D:2)
  2 worms (D:2)
  An orc (D:2)
  9 bats
  2 giant cockroaches
  4 hobgoblins
  2 jackals (D:2)
  7 kobolds
  A ball python (D:2)
  4 giant geckos
  3 giant newts
  5 goblins
  5 rats
48 creatures vanquished.

Notes
Turn   | Place    | Note
--------------------------------------------------------------
     0 | D:1      | Crauler, the Halfling Fighter, began the quest for the Orb.
     0 | D:1      | Reached XP level 1. HP: 15/15 MP: 1/1
    90 | D:1      | Reached XP level 2. HP: 14/20 MP: 2/2
   482 | D:1      | Reached XP level 3. HP: 23/25 MP: 3/3
  1283 | D:2      | Noticed Terence
  1311 | D:2      | Killed Terence
  1311 | D:2      | Reached XP level 4. HP: 26/30 MP: 4/4
  1366 | D:2      | Reached skill level 4 in Shields
  1683 | D:2      | Found a shadowy altar of Dithmenos.
  1764 | D:3      | Noticed Ijyb
  1774 | D:3      | Killed from afar by Ijyb

Action                   |  1- 3 |  4- 6 || total
-------------------------+-------+-------++-------
Melee: Long sword        |   161 |    63 ||   224
  Use: Scroll            |     3 |       ||     3
       Potion            |       |     2 ||     2
  Eat: Chunk             |     1 |     2 ||     3
